 Dungeon Crawl Stone Soup version 0.32-a0-893-gf85d74f360 (webtiles) character file.

Game seed: 9340700825559989620

92 GiantSquids the Shooter (level 4, -4/33 HPs)
             Began as a Coglin Hunter on Apr 3, 2024.
             Slain by a gnoll sergeant
             ... wielding a +2 spear of venom
              (10 damage)
             ... on level 2 of the Dungeon.
             The game lasted 00:01:47 (914 turns).

GiantSquids the Shooter (Coglin Hunter)              Turns: 914, Time: 00:01:48

Health: -4/33      AC:  6    Str: 11    XL:     4   Next: 60%
Magic:  4/4        EV: 11    Int:  8    God:
Gold:   33         SH:  0    Dex: 20    Spells: 3/3 levels left

rFire   . . .        a - +2 sling {Consuela}
rCold   . . .        d - +0 sling {Cashile}
rNeg    . . .        c - +0 leather armour
rPois   .            (no helmet)
rElec   .            j - +0 cloak
rCorr   .            (no gloves)
SInv    .            k - +1 pair of boots {Fly}
Will    .....        (amulet unavailable)
Stlth   ++           (ring unavailable)
HPRegen 0.25/turn    (ring unavailable)
MPRegen 0.09/turn    (no gizmo)

%: no passive effects
@: lethally poisoned (-4 -> -5), flying, revved
A: off-hand wielding, slow wielding, warmup strikes, no jewellery
a: Invent Gizmo


You were on level 2 of the Dungeon.
You visited 1 branch of the dungeon, and saw 2 of its levels.

You collected 33 gold pieces.

Inventory:

Hand Weapons
 a - a +2 sling (weapon) {Consuela}
 d - a +0 sling (offhand) {Cashile}
Armour
 c - a +0 leather armour (worn)
 j - a +0 cloak (worn)
 k - a +1 pair of boots of flying (worn)
Scrolls
 b - a scroll of butterflies
 g - a scroll of identify {unknown}
 h - a scroll of brand weapon {unknown}
 i - a scroll of fog {unknown}
 l - a scroll of enchant armour {unknown}
Potions
 e - a potion of degeneration {unknown}
 f - 2 potions of heal wounds {unknown}


   Skills:
 - Level 2.0 Fighting
 + Level 5.3 Ranged Weapons
 - Level 1.7 Dodging
 - Level 0.7 Stealth


You had 3 spell levels left.
You didn't know any spells.
Your spell library contained the following spells:

 Spells                   Type           Power      Damage    Failure   Level
 Tukima's Dance           Hex            0%         N/A       86%         3
 Dimensional Bullseye     Hex/Tloc       0%         N/A       99%         4
 Iskenderun's Mystic Bla Conj/Tloc 0%             2d3        (+2d1     99%         4


Dungeon Overview and Level Annotations

Branches:
Dungeon (2/15)

Altars:


Innate Abilities, Weirdness & Mutations

You can wield a second weapon in your off-hand.
It takes a long time for you to wield or remove held weapons.
Your first few attacks do less damage.
You cannot equip rings or amulets.


Message History

You shoot a sling bullet.
The sling bullet hits the gnoll sergeant but does no damage.
The gnoll sergeant is moderately wounded.
You feel very sick. The gnoll sergeant closely misses you.
You shoot a sling bullet.
The sling bullet barely misses the gnoll sergeant.
You shoot a sling bullet.
The sling bullet hits the gnoll sergeant but does no damage.
The gnoll sergeant is moderately wounded.
You feel sick.
The gnoll sergeant hits you from afar with a +2 spear of venom!
You shoot a sling bullet.
The gnoll sergeant blocks the sling bullet.
You shoot a sling bullet.
The gnoll sergeant blocks the sling bullet.
You feel sick.
The gnoll sergeant hits you but does no damage.
You shoot a sling bullet.
The gnoll sergeant blocks the sling bullet.
You shoot a sling bullet.
The gnoll sergeant blocks the sling bullet.
You feel sick.
The gnoll sergeant closely misses you. x2
You shoot a sling bullet.
The gnoll sergeant blocks the sling bullet.
You shoot a sling bullet.
The sling bullet hits the gnoll sergeant.
The gnoll sergeant is moderately wounded.
You feel sick.
The gnoll sergeant hits you from afar with a +2 spear of venom!
* * * LOW HITPOINT WARNING * * *
You shoot a sling bullet.
The sling bullet hits the gnoll sergeant but does no damage.
The gnoll sergeant is moderately wounded.
You shoot a sling bullet.
The sling bullet hits the gnoll sergeant but does no damage.
The gnoll sergeant is moderately wounded.
You feel sick.
The gnoll sergeant hits you from afar with a +2 spear of venom!
You die...

#....## #.##..# ♣)♣##.##
♣♣.♣♣#..## ♣..)♣##..###
♣♣.).♣♣##...# ♣...[.♣
##..# ♣)..♣.♣♣ #..#####
♣..♣..@.♣ #..#...######
♣........)♣#..#...##....
♣.###g###.♣#..#...##....
♣.#..... .♣#..#....#....
♣)#....$ .♣#..##...#....
♣♣#..). ♣#†...........
###.# #..##...#.... ##
#....#...#....
...)..#...#####


You could see a gnoll sergeant.

Vanquished Creatures
  4 gnolls (D:2)
  An adder (D:2)
  A dart slug (D:1)
  2 ball pythons (D:1)
  A bat (D:1)
  4 endoplasms
  A giant cockroach (D:1)
  5 goblins (D:1)
  4 hobgoblins
  12 kobolds
  2 frilled lizards (D:1)
  5 rats
42 creatures vanquished.

Notes
Turn   | Place    | Note
-------+----------+-------------------------------------------
     0 | D:1      | GiantSquids the Coglin Hunter began the quest for the Orb.
     0 | D:1      | Reached XP level 1. HP: 16/16 MP: 1/1
    35 | D:1      | Reached skill level 4 in Ranged Weapons
    35 | D:1      | Reached XP level 2. HP: 22/22 MP: 2/2
   315 | D:1      | Reached XP level 3. HP: 27/27 MP: 3/3
   892 | D:2      | Reached skill level 5 in Ranged Weapons
   892 | D:2      | Reached XP level 4. HP: 33/33 MP: 4/4
   903 | D:2      | Noticed a gnoll sergeant
   904 | D:2      | Found the +5 woodcutter's axe
   914 | D:2      | Slain by a gnoll sergeant

Illustrated notes

Levels and vault maps discovered:
D:1:      mainiacjoe_arrival_oval_in_oval, layout_basic, serial_forest,
          infiniplex_forest_clump_cross, infiniplex_forest_clump_diagonal,
          infiniplex_forest_zigzag_1, infiniplex_forest_clump_diagonal,
          infiniplex_forest_end_3, infiniplex_forest_pool
D:2:      minmay_recursive_quarters, layout_basic,
          hellmonk_ecumenical_altar_zigzags, basic_altar,
          pf_guarded_unrand_woodcutter, uniq_jessica

Skill      XL: |  1  2  3 |
---------------+----------+-----
Ranged Weapons | 4 5 |  5.3
Fighting       | |  2.0
Dodging        | |  1.7
Stealth        | |  0.7

Action                     |  1- 3 |  4- 6 || total
---------------------------+-------+-------++-------
   Fire: Sling             |   156 |    30 ||   186
 Armour: Leather armour    |     9 |     5 ||    14
  Dodge: Dodged            |     8 |     4 ||    12

Table legend: (Time is in decaauts)
 A = Elapsed time spent in this place.
 B = Non-inter-level travel time spent in this place.
 C = Inter-level travel time spent in this place.
 D = Time resting spent in this place.
 E = Time spent auto-exploring this place.
 F = Levels seen in this place.
 G = Mean time per level.
                   A        B        C        D        E       F      G
               +--------+--------+--------+--------+--------+-----+--------+
         Total |    934 |    895 |     39 |      0 |    709 |   2 |  467.0 |
       Dungeon |    934 |    895 |     39 |      0 |    709 |   2 |  467.0 |
               +--------+--------+--------+--------+--------+-----+--------+

Top non-repeatable levels by time:
     D:1: 759 daAuts
     D:2: 174 daAuts
